 Dungeon Crawl Stone Soup version 0.29.1-2-gbd0b4ee654 (webtiles) character file.

Game seed: 16020199642259011088

50 Groucho the Sneak (level 3, -6/16 HPs)
             Began as a Spriggan Conjurer on Nov 5, 2022.
             Mangled by Terence
             ... wielding a +0 flail
              (9 damage)
             ... on level 3 of the Dungeon.
             The game lasted 00:04:46 (4902 turns).

Groucho the Sneak (Spriggan Conjurer)               Turns: 4902, Time: 00:04:46

Health: -6/16      AC:  2    Str:  5    XL:     3   Next: 55%
Magic:  2/8        EV: 21    Int: 19    God:
Gold:   73         SH:  0    Dex: 13    Spells: 2/8 levels left

rFire   . . .      SeeInvis +   d - +0 short sword
rCold   . . .      Faith    .   (no shield)
rNeg    . . .      Spirit   .   a - +0 robe
rPois   .          Reflect  .   (helmet restricted)
rElec   .          Harm     .   (no cloak)
rCorr   .          Rampage  .   (gloves unavailable)
Will    .....                   (boots unavailable)
Stlth   +++.......              (no amulet)
HPRegen 0.05/turn               j - +4 ring of evasion
MPRegen 0.11/turn               (no ring)

@: very quick
A: very small, no large weapons, unfitting armour, see invisible, speed 3
a: no special abilities


You were on level 3 of the Dungeon.
You visited 1 branch of the dungeon, and saw 3 of its levels.

You collected 73 gold pieces.

Inventory:

Hand Weapons
 d - a +0 short sword (weapon)
Missiles
 c - 7 atropa-tipped darts (quivered)
 e - 26 stones
Armour
 a - a +0 robe (worn)
Jewellery
 j - a +4 ring of evasion (left hand)
Scrolls
 f - a scroll of poison {unknown}
 g - 2 scrolls of immolation {unknown}
 h - a scroll of teleportation {unknown}
 m - a scroll of enchant armour {unknown}
 o - a scroll of summoning {unknown}
 p - 3 scrolls of identify {unknown}
Potions
 b - a potion of magic
 i - a potion of haste {unknown}
 k - a potion of cancellation {unknown}
 l - 2 potions of heal wounds {unknown}
 n - a potion of curing


   Skills:
 + Level 1.2 Short Blades
 - Level 2.6 Dodging
 * Level 4.3 Stealth
 + Level 3.2 Spellcasting
 + Level 3.3 Conjurations


You had 2 spell levels left.
You knew the following spells:

 Your Spells              Type           Power      Damage    Failure   Level
a - Magic Dart            Conj           60%        1d6       3%          1
b - Searing Ray           Conj           30%        2d5       6%          2
c - Dazzling Flash        Conj/Hex       18%        N/A       22%         3

Your spell library contained the following spells:

 Spells                   Type           Power      Damage    Failure   Level
 Fulminant Prism          Conj/Hex       4%         3d6       58%         4
 Iskenderun's Mystic Bla  Conj/Tloc      9%         2d4       58%         4


Dungeon Overview and Level Annotations

Branches:
Dungeon (3/15)

Altars:
Trog

Annotations:
D:3 Terence


Innate Abilities, Weirdness & Mutations

You are very small and have problems with some larger weapons.
You are too small for most types of armour.
You have supernaturally acute eyesight. (SInv)
You cover ground extremely quickly. (Speed+++)


Message History

Terence is heavily wounded.
Terence misses you.
You hit Terence.
Terence is heavily wounded.
Terence hits you with a +0 flail!
Ouch! That really hurt!
Throw: 9 darts (atropa)
Press: ? - help, Q - select action, (/) - cycle Shift-Dir - straight line, f/p - Terence
Aim: Terence, wielding a +0 flail and wearing a +0 ring mail (heavily wounded, 60% to hit, chance to blind on hit: 100%)
You throw an atropa-tipped dart.
The atropa-tipped dart barely misses Terence.
Unknown command.
Throw: 8 darts (atropa)
Press: ? - help, Q - select action, (/) - cycle Shift-Dir - straight line, f/p - Terence
Aim: Terence, wielding a +0 flail and wearing a +0 ring mail (heavily wounded, 60% to hit, chance to blind on hit: 100%)
You throw an atropa-tipped dart. The atropa-tipped dart hits Terence.
Terence appears confused.
Terence is heavily wounded.
Terence asks, "Where am I?"
Unknown command.
You are too injured to fight recklessly!
You are too injured to fight recklessly!
You are too injured to fight recklessly!
Terence seems less confused.
Terence misses you.
You hit Terence.
Terence is severely wounded.
Terence misses you.
Unknown command.
Unknown command.
You hit Terence but do no damage.
Terence is severely wounded.
Terence hits you with a +0 flail.
* * * LOW HITPOINT WARNING * * *
Unknown command.
Unknown command.
You hit Terence.
Terence is severely wounded.
Terence is no longer blind.
Terence hits you with a +0 flail!
Ouch! That really hurt!
You die...

###### #....# #.##.# #.##.#
#....#
##################..#######
..........(.(...##.[......#
#############..@##.######.#
#..(@..######.#
##...##.....##.#
#.._..#..##.##.#
#.....#<.......#
###########.#### #......#
########


You could see Terence.

Vanquished Creatures
  2 worms (D:2)
  4 dart slugs
  3 endoplasms (D:1)
  3 giant cockroaches (D:1)
  3 goblins
  3 hobgoblins
  4 kobolds
  A quokka (D:1)
  4 ball pythons
  4 bats (D:1)
  A frilled lizard (D:1)
  3 rats
35 creatures vanquished.

Notes
Turn   | Place    | Note
-------+----------+-------------------------------------------
     0 | D:1      | Groucho the Spriggan Conjurer began the quest for the Orb.
     0 | D:1      | Reached XP level 1. HP: 9/9 MP: 5/5
   794 | D:1      | Found a faded altar of an unknown god.
   828 | D:1      | Reached XP level 2. HP: 12/13 MP: 6/6
  1588 | D:1      | Reached skill level 4 in Stealth
  2401 | D:1      | Reached skill level 1 in Short Blades
  2401 | D:1      | Reached XP level 3. HP: 16/16 MP: 8/8
  2531 | D:1      | Learned a level 2 spell: Searing Ray
  2535 | D:1      | Learned a level 3 spell: Dazzling Flash
  4791 | D:3      | Found a bloodstained altar of Trog.
  4856 | D:3      | Noticed Terence
  4902 | D:3      | Mangled by Terence

Illustrated notes

Levels and vault maps discovered:
D:1:      nagdon_arrival_double_spiral, layout_basic,
          ebering_ecumenical_altar_webs, hangedman_decor_points, st_stairs_13
D:2:      layout_loops_cross
D:3:      layout_basic, mainiacjoe_overflow_alcove_1, uniq_terence

Skill      XL: |  1  2 |
---------------+-------+-----
Conjurations   | 3 |  3.3
Spellcasting   | 3 |  3.2
Stealth        | 4 |  4.3
Short Blades   | 1 |  1.2
Dodging        | |  2.6

Action                   || total
-------------------------++-------
Melee: Unarmed           ||    26
       Short sword       ||    74
       Punch             ||     1
Throw: Dart              ||     3
 Cast: Magic Dart        ||    27
       Searing Ray       ||     4
  Use: Potion            ||     1
 Stab: Sleeping          ||    10
Armor: Robe              ||    16
Dodge: Dodged            ||    94
